 Dungeon Crawl Stone Soup version 0.24.1-8-ga250c9d538 (webtiles) character file.

Game seed: 15442551548946236759, levelgen mode: deterministic

213796 Amplified the Peltast (level 17, -5/216 HPs)
             Began as a Demigod Earth Elementalist on May 1, 2020.
             Slain by a spectral redback (7 damage)
             ... on level 4 of the Spider Nest on May 2, 2020.
             The game lasted 01:56:21 (44976 turns).

Amplified the Peltast (Demigod Earth Elementalist) Turns: 44976, Time: 01:56:21

Health: -5/216     AC: 28    Str: 25    XL:     17   Next: 65%
Magic:  18/37      EV:  2    Int: 31    God:
Gold:   1205       SH:  0    Dex: 21    Spells: 5/38 levels left

rFire    . . .     SeeInvis .   M - +8 trident "Entammea" {pierce, Int+6}
rCold    . . .     Gourm    .   s - +8 shield "Izxid" {*Contam *Drain MR+ Str+10}
rNeg     + + +     Faith    .   (armour currently unavailable)
rPois    +         Spirit   .   (helmet currently unavailable)
rElec    .         Reflect  .   (cloak currently unavailable)
rCorr    +         Harm     .   (gloves currently unavailable)
MR       ++...     NoTele   +   (boots currently unavailable)
Stlth    ++........             R - amulet "Wianup" {RegenMP +Fly rN+}
HPRegen  0.46/turn              E - ring "Cahu" {Wiz rPois}
MPRegen  0.50/turn              k - ring of resist corrosion

@: confused, agile, lethally poisoned (-5 -> -50), tree-form, studying Armour
A: high mp 1
}: 1/15 runes: decaying
a: no special abilities


You were on level 4 of the Spider Nest.
You were very hungry.
You were a tree.
You visited 5 branches of the dungeon, and saw 31 of its levels.
You also visited: Gauntlet and Ice Cave.

You collected 3283 gold pieces.
You spent 2078 gold pieces at shops.

Inventory:

Hand Weapons
 y - the +11 scimitar "Wennidei" {protect, *Noise rN+ Dex+6}
   (You found it on level 6 of the Lair of Beasts)

   It grants its wielder temporary protection when it strikes (+7 to AC).
   It affects your dexterity (+6).
   It protects you from negative energy.
   It may make noises in combat.
 M - the +8 trident "Entammea" (weapon) {pierce, Int+6}
   (You found it on level 4 of the Lair of Beasts)

   It inflicts extra damage upon your enemies.
   It affects your intelligence (+6).
Missiles
 b - 1076 stones
 n - 112 poisoned darts
 t - 6 silver javelins
 C - a throwing net (quivered)
 T - 2 curare-tipped darts
Armour
 h - the cursed +0 cloak "Loxubbut" (melded) {*Slow +Inv Dex+4 Slay+5}
   (You found it on level 1 of the Spider Nest)

   It affects your dexterity (+4).
   It affects your accuracy and damage with ranged weapons and melee attacks
   (+5).
   It lets you turn invisible.
   It may slow you when you take damage.
   It has a curse placed upon it.
 l - a +2 helmet (melded)
 o - a +1 pair of gloves (melded)
 s - the +8 shield "Izxid" (worn) {*Contam *Drain MR+ Str+10}
   (You took it off Asterion on level 2 of the Spider Nest)

   It affects your strength (+10).
   It affects your resistance to hostile enchantments.
   It causes magical contamination when unequipped.
   It causes draining when unequipped.
 z - a +2 pair of boots of running (melded)
 N - the +1 robe "Dehuis" {rElec MR+ Stlth+}
   (You took it off a necromancer in an ice cave)

   It insulates you from electricity.
   It affects your resistance to hostile enchantments.
   It makes you more stealthy.
 W - the +2 leather armour of Gluttony (melded) {rF++ MR+ Dex+4}
   (You found it on level 2 of the Swamp)

   It affects your dexterity (+4).
   It greatly protects you from fire.
   It affects your resistance to hostile enchantments.
Jewellery
 j - an uncursed ring of flight
 k - a ring of resist corrosion (right branch)
 D - an uncursed ring of protection from fire
 E - the ring "Cahu" (left branch) {Wiz rPois}
   (You found it on level 8 of the Dungeon)

   [ring of wizardry]

   It improves your spell success rate.
   It protects you from poison.
 L - an uncursed ring of positive energy
 R - the amulet "Wianup" (around neck) {RegenMP +Fly rN+}
   (You found it in a Gauntlet)

   [amulet of magic regeneration]

   It increases your magic regeneration.
   It protects you from negative energy.
   It lets you fly.
 V - an uncursed ring of see invisible
Wands
 c - a wand of random effects (14)
 g - a wand of polymorph (21)
 i - a wand of iceblast (14)
 r - a wand of digging (2)
 B - a wand of flame (9)
 G - a wand of disintegration (16)
 H - a wand of enslavement (27)
Scrolls
 e - 5 scrolls of immolation
 m - a scroll of fog
 p - 3 scrolls of identify
 w - 3 scrolls of magic mapping
 A - 13 scrolls of remove curse
 K - 2 scrolls of enchant weapon
 S - 4 scrolls of teleportation
 U - 2 scrolls of blinking
 Y - a scroll of torment
Potions
 a - 7 potions of mutation
 u - 4 potions of magic
 O - a potion of flight
Books
 J - a manual of Armour
Miscellaneous
 f - a fan of gales (inert)
Comestibles
 d - 54 rations


   Skills:
 + Level 11.3 Fighting
 - Level 14.0 Polearms
 * Level 11.5 Armour
 * Level 3.3 Dodging
 - Level 1.7 Stealth
 - Level 15.0 Shields
 * Level 11.3 Spellcasting
 - Level 3.5 Conjurations
 - Level 0.8 Transmutations
 - Level 6.2 Fire Magic
 * Level 12.4 Earth Magic


You had 5 spell levels left.
You knew the following spells:

 Your Spells              Type           Power        Failure   Level  Hunger
a - Sandblast             Erth           ######       0%          1    None
b - Passwall              Tmut/Erth      ######..     1%          2    None
c - Confusing Touch       Hex            ###...       1%          1    None
d - Stone Arrow           Conj/Erth      ######       1%          3    None
e - Lee's Rapid Deconstr  Erth           #######...   1%          5    ##.....
f - Regeneration          Chrm/Necr      ###.......   3%          3    None
g - Vampiric Draining     Necr           ###.......   3%          3    None
h - Apportation           Tloc           ###...       1%          1    None
i - Metabolic Englaciati  Hex/Ice        ###.......   30%         5    ##.....
j - Bolt of Magma         Conj/Fire/Erth ######....   1%          5    ##.....
k - Force Lance           Conj/Tloc      ####....     6%          4    None

Your spell library contained the following spells:

 Spells                   Type           Power        Failure   Level  Hunger
 Animate Skeleton         Necr           N/A          1%          1    None
 Beastly Appendage        Tmut           ###...       1%          1    None
 Magic Dart               Conj           ####         1%          1    None
 Pain                     Necr           ###.         1%          1    None
 Summon Small Mammal      Summ           ###.         1%          1    None
 Poisonous Vapours        Pois/Air       ###...       1%          2    None
 Searing Ray              Conj           #####.       1%          2    None
 Sticks to Snakes         Tmut           ###.....     1%          2    None
 Conjure Flame            Conj/Fire      #####...     1%          3    None
 Dazzling Spray           Conj/Hex       ####..       1%          3    None
 Leda's Liquefaction      Hex/Erth       ######....   1%          4    None
 Petrify                  Tmut/Erth      ######..     1%          4    None
 Mephitic Cloud           Conj/Pois/Air  ###.....     2%          3    None
 Iskenderun's Mystic Bla  Conj           #####...     2%          4    None
 Confuse                  Hex            ###.....     3%          3    None
 Gell's Gravitas          Tloc           ###.......   3%          3    None
 Fulminant Prism          Conj/Hex       ####......   6%          4    None
 Animate Dead             Necr           N/A          12%         4    None
 Cause Fear               Hex            ###.......   12%         4    None
 Irradiate                Conj/Tmut      ####......   13%         5    ##.....
 Yara's Violent Unravell  Hex/Tmut       ###.......   26%         5    ##.....
 Silence                  Hex/Air        ###.......   30%         5    ##.....
 Iron Shot                Conj/Erth      ######....   7%          6    ####...
 Statue Form              Tmut/Erth      ######...    12%         6    ####...
 Freezing Cloud           Conj/Ice/Air   ###.......   69%         6    ####...
 Deflect Missiles         Chrm/Air       ###.......   83%         6    ####...
 Ring of Flames           Chrm/Fire      #####.....   92%         7    ######.
 Shatter                  Erth           #######...   99%         9    #######
 Discord                  Hex            ###.......   100%        8    #######


Dungeon Overview and Level Annotations

Branches:
Dungeon (15/15)            Temple (0/1) D:4            Lair (6/6) D:10
  Swamp (4/4) Lair:4       Spider (4/4) Lair:4        Slime (0/5) Lair:5
    Orc (2/2) D:9             Elf (0/3) Orc:2        Vaults (0/5) D:14
 Depths (0/5) D:15          IceCv (visited)         Gauntlet (visited)

Shops:
D:5 =   D:7 *   Orc:2 }}}

Annotations:
D:10 Watch out up
D:12 Big prizes, big baddies.
D:14 Bad place
Swamp:1 Kirke
Swamp:4 Either Elf, Spider or Vaults. Need more EV.


Innate Abilities, Weirdness & Mutations

You have an increased reservoir of magic. (+10% MP)
((You have large cloven feet.))
((You are partially covered in iridescent scales. (AC +2)))


Message History

You are more poisoned.
The wolf spider poisons you!
The jumping spider pounces on you but does no damage.
The jumping spider bites you but does no damage.
Unknown command.
Unknown command.
You nearly hit yourself!
* * * LOW HITPOINT WARNING * * *
You feel very sick.
The wolf spider hits you but does no damage.
The wolf spider bites you but does no damage.
A jumping spider comes into view.
The jumping spider pounces on you but does no damage.
The jumping spider bites you.
* * * LOW HITPOINT WARNING * * *
The wolf spider hits you.
* * * LOW HITPOINT WARNING * * *
The wolf spider bites you but does no damage.
The spectral redback bites you!
You die...

#.....#.^..#....)#
##....#.^###....))
##....### #......#
##.....### #^^....#
##....^##.##########
#..^####^..#.##
#...........^..
##^sZ.s........
##♣s##......^#
#######...^## ^.....
#..... ...[. ...^.


You could see a wolf spider, a spectral redback and 2 jumping spiders.

Vanquished Creatures
  Bai Suzhen (Swamp:4)
  Arachne (Spider:2)
  Jorgrun (D:14)
  Rupert (D:13)
  Asterion (Spider:2)
  The ghost of mandor the Thaumaturge, an adept GnWn of Sif Muna (Spider:1)
  Roxanne (Spider:2)
  5 thorn hunters
  A fire giant (D:15)
  The ghost of Detados the Impaler, a journeyman MfBe of Trog (D:13)
  A ghost moth (Spider:3)
  4 emperor scorpions
  An entropy weaver (Spider:3)
  Azrael (Orc:2)
  Nessos (D:14)
  2 spark wasps (Spider:3)
  Snorg (D:10)
  A minotaur (Gauntlet)
  The ghost of Bith the Thaumaturge, a journeyman GnWr of Kikubaaqudgha (D:13)
  The ghost of Hollixir the Archer, a journeyman CeFi of Okawaru (D:13)
  Josephine (D:14)
  Erolcha (D:11)
  A rakshasa (D:15)
  The ghost of vasus the Bludgeoner, a journeyman GrFi of Trog (Orc:2)
  2 ghost crabs
  Harold (Lair:2)
  Fannar (D:10)
  3 catoblepae
  25 hydras
  3 vault guards (D:14)
  2 centaur warriors
  An ogre mage (D:14)
  5 two-headed ogres
  7 dancing weapons (Spider:1)
  2 shambling mangroves
  17 alligators
  3 death yaks (D:10)
  3 orc high priests (Orc:2)
  A spriggan berserker (Swamp:4)
  Urug (D:11)
  The ghost of TreeFish the Tormented, a novice HuNe of Kikubaaqudgha (D:8)
  A deep elf knight (D:14)
  3 skeletal warriors (D:15)
  2 unseen horrors (D:14)
  A spriggan druid (Swamp:4)
  7 swamp dragons
  A necromancer (IceCv)
  9 orc knights
  A manticore (shapeshifter) (D:14)
  13 ugly things
  8 orb spiders
  12 wolf spiders
  3 deep elf magi
  An oklob plant (D:7)
  6 cyclopes
  2 moths of wrath
  2 manticores (Lair:6)
  6 orc sorcerers
  6 black mambas
  2 gargoyles
  A torpor snail (Spider:2)
  2 centaur skeletons
  8 elephants
  4 ice statues
  21 spiny frogs
  9 demonic crawlers
  6 komodo dragons
  2 yaktaurs (D:14)
  6 rime drakes
  A kobold demonologist (D:14)
  9 ice devils
  2 tengu conjurers (D:15)
  13 hornets
  3 meliai (Spider:4)
  12 trolls
  17 jumping spiders
  9 polar bears (Lair:6)
  2 queen bees
  A wolf spider simulacrum (D:15)
  5 tyrant leeches
  5 raiju (Lair:6)
  5 slime creatures
  5 bog bodies
  20 blink frogs
  A harpy skeleton (D:15)
  8 hippogriffs
  7 dream sheep (Lair:6)
  4 fire elementals
  31 tarantellas
  A wyvern (D:11)
  A shadow (D:11)
  58 redbacks
  6 spriggans
  A vampire (D:13)
  6 wraiths
  31 yaks
  A hog (Swamp:1)
  3 basilisks
  5 hungry ghosts
  Eustachio (D:4)
  Grum (D:11)
  A steam dragon (D:14)
  33 vampire mosquitoes
  6 wargs
  5 insubstantial wisps (Swamp:4)
  14 swamp worms
  An acid dragon (D:15)
  15 hell hounds
  Duvessa (D:4)
  9 porcupines
  6 water moccasins
  4 ice beasts
  11 swamp drakes
  5 sky beasts
  15 black bears
  26 orc warriors
  A necrophage (D:10)
  5 phantoms
  A tengu (shapeshifter) (D:14)
  11 ogres
  20 wolves
  5 centaurs
  4 big kobolds
  10 crocodiles
  11 bullfrogs
  Dowan (D:4)
  6 scorpions
  54 killer bees
  25 wights
  3 howler monkeys
  2 electric eels
  8 crimson imps
  A bullfrog zombie (D:12)
  A quasit (D:11)
  4 centaur zombies
  3 jellies
  9 hounds
  Crazy Yiuf (D:3)
  5 bullfrog skeletons
  25 orc priests
  22 orc wizards
  Jessica (D:2)
  2 iguanas
  Ijyb (D:3)
  3 troll simulacra (IceCv)
  7 hell rats (Lair:6)
  13 worker ants
  A spriggan simulacrum (IceCv)
  A killer bee zombie (D:8)
  A centaur simulacrum (IceCv)
  A hound zombie (D:6)
  2 hound skeletons
  A howler monkey zombie (D:8)
  18 gnolls
  17 adders
  3 ogre simulacra (IceCv)
  2 naga simulacra (IceCv)
  4 shadow imps
  16 white imps
  An ooze (D:7)
  An adder zombie (D:7)
  2 adder skeletons (D:9)
  A worm (D:3)
  5 dart slugs
  8 leopard geckos
  87 orcs
  8 giant cockroaches
  11 goblins
  2 hobgoblins (D:2)
  15 jackals
  7 quokkas
  11 bats
  2 frilled lizards
  A giant cockroach zombie (D:5)
  21 kobolds
  A leopard gecko skeleton (D:4)
  A leopard gecko zombie (D:6)
  A quokka skeleton (D:5)
  A quokka zombie (D:6)
  14 rats
  A bush (D:7)
  3 fungi
  5 plants
1224 creatures vanquished.

Vanquished Creatures (collateral kills)
  An ugly thing (D:11)
  A vampire mosquito (Swamp:4)
2 creatures vanquished.

Vanquished Creatures (others)
  A hydra (Swamp:4)
  A swamp dragon (Swamp:4)
  An orc wizard (Orc:2)
  A jackal (D:3)
  A quokka (D:14)
  3 briar patches
  33 fungi
  25 plants
  3 withered plants (D:13)
69 creatures vanquished.

Grand Total: 1295 creatures vanquished

Notes
Turn   | Place    | Note
-------+----------+-------------------------------------------
     0 | D:1      | Amplified the Demigod Earth Elementalist began the quest
                  | for the Orb.
     0 | D:1      | Reached XP level 1. HP: 14/14 MP: 5/5
   254 | D:1      | Gained mutation: You are partially covered in iridescent
                  | scales. (AC +2) [potion of mutation]
   254 | D:1      | Gained mutation: You have large cloven feet. [potion of
                  | mutation]
   335 | D:1      | Reached XP level 2. HP: 22/22 MP: 7/7
   431 | D:1      | Learned a level 2 spell: Passwall
   869 | D:2      | Reached XP level 3. HP: 27/27 MP: 8/8
   909 | D:2      | Reached skill level 1 in Fighting
   944 | D:2      | Found a shimmering blue altar of Sif Muna.
  1317 | D:2      | Reached skill level 1 in Armour
  1327 | D:2      | Noticed Jessica
  1344 | D:2      | Killed Jessica
  1344 | D:2      | Reached skill level 1 in Polearms
  1344 | D:2      | Reached XP level 4. HP: 14/35 MP: 8/10
  1609 | D:2      | Found a hide-covered altar of Uskayaw.
  1978 | D:4      | Reached skill level 1 in Shields
  2109 | D:4      | Learned a level 1 spell: Confusing Touch
  2113 | D:4      | Learned a level 3 spell: Stone Arrow
  2156 | D:3      | Reached XP level 5. HP: 39/41 MP: 5/11
  2201 | D:3      | Found a runed translucent door.
  2202 | D:3      | Noticed Crazy Yiuf
  2715 | D:3      | Noticed Ijyb
  2724 | D:3      | Killed Ijyb
  2931 | D:3      | Killed Crazy Yiuf
  3010 | D:4      | Noticed a yak
  3046 | D:3      | Reached skill level 2 in Shields
  3267 | D:4      | Reached XP level 6. HP: 48/48 MP: 13/13
  3297 | D:4      | Noticed Eustachio
  3301 | D:5      | Entered Level 5 of the Dungeon
  3402 | D:5      | Found a bloodstained altar of Trog.
  3446 | D:5      | Found Revomm's Jewellery Shop.
  3877 | D:5      | Reached XP level 7. HP: 43/56 MP: 3/14
  3968 | D:5      | Found an ornate altar of the Wu Jian Council.
  4065 | D:5      | Reached skill level 3 in Shields
  4183 | D:5      | Found an opulent altar of Gozag.
  4261 | D:5      | Learned a level 5 spell: Lee's Rapid Deconstruction
  4522 | D:5      | Found a basalt altar of Yredelemnul.
  4649 | D:6      | Reached skill level 4 in Shields
  4650 | D:6      | Reached XP level 8. HP: 40/63 MP: 10/16
  4933 | D:6      | Found a sacrificial altar of Ru.
  4934 | D:6      | Found a hazy altar of Hepliaklqana.
  5723 | D:6      | Reached skill level 5 in Polearms
  5919 | D:6      | Reached skill level 5 in Shields
  6107 | D:4      | Noticed Duvessa
  6112 | D:4      | Noticed Dowan
  6144 | D:4      | Killed Duvessa
  6157 | D:4      | Killed Dowan
  6169 | D:4      | Killed Eustachio
  6169 | D:4      | Reached skill level 5 in Earth Magic
  6286 | D:4      | Found a staircase to the Ecumenical Temple.
  6631 | D:4      | Reached XP level 9. HP: 70/71 MP: 18/18
  6639 | D:4      | Learned a level 3 spell: Regeneration
  7161 | D:7      | Found Ucikk's General Store.
  7705 | D:7      | Found a blossoming altar of Fedhas.
  7718 | D:7      | Noticed an oklob plant
  8093 | D:7      | Reached skill level 6 in Shields
  9036 | D:8      | Found a runed translucent gate.
  9037 | D:8      | Found a runed translucent gate.
  9038 | D:8      | Found a runed translucent gate.
  9040 | D:8      | Noticed TreeFish's ghost (novice HuNe)
  9098 | D:8      | Got an ancient pewter ring
  9100 | D:8      | Identified the ring "Cahu" {Wiz rPois} (You found it on
                  | level 8 of the Dungeon)
  9201 | D:8      | Reached skill level 5 in Fighting
  9598 | D:8      | Reached skill level 5 in Spellcasting
  9600 | D:8      | Reached XP level 10. HP: 77/81 MP: 10/21
  9608 | D:8      | Found a burning altar of Makhleb.
  9608 | D:8      | Found a glowing golden altar of the Shining One.
  9705 | D:8      | Reached skill level 7 in Shields
 10033 | D:9      | Found a staircase to the Orcish Mines.
 11070 | D:10     | Entered Level 10 of the Dungeon
 11359 | D:10     | Noticed Snorg
 11372 | D:10     | Killed Snorg
 11374 | D:10     | Noticed Fannar
 11747 | D:10     | Reached skill level 8 in Shields
 12003 | D:10     | Found a staircase to the Lair.
 12003 | D:10     | Noticed a death yak
 12081 | D:10     | Noticed a death yak
 12440 | D:11     | Noticed Urug
 12454 | D:11     | Killed Urug
 12668 | D:11     | Noticed a brown ugly thing
 12672 | D:11     | Reached XP level 11. HP: 75/89 MP: 11/23
 13123 | D:11     | Noticed a two-headed ogre
 13131 | D:11     | Killed a two-headed ogre
 13424 | D:11     | Noticed Grum
 13441 | D:11     | Killed Grum
 13698 | D:11     | Noticed Maurice
 13716 | D:11     | Noticed Erolcha
 13730 | D:11     | Killed Erolcha
 13730 | D:11     | Reached skill level 9 in Shields
 13840 | D:11     | Noticed Maurice
 13840 | D:11     | Maurice changed into Maurice the big kobold
 13856 | D:11     | Killed Maurice the big kobold
 14567 | D:10     | Noticed a death yak
 14660 | Lair:1   | Entered Level 1 of the Lair of Beasts
 14802 | Lair:1   | Learned a level 3 spell: Vampiric Draining
 15921 | Lair:2   | Noticed Harold
 16312 | Lair:2   | Killed Harold
 16376 | Lair:2   | Noticed a six-headed hydra
 16415 | Lair:3   | Reached XP level 12. HP: 32/100 MP: 17/26
 17123 | Lair:2   | Killed a six-headed hydra
 17123 | Lair:2   | Reached skill level 10 in Polearms
 17349 | Lair:3   | Reached skill level 10 in Shields
 18510 | Lair:4   | Noticed an eight-headed hydra
 18522 | Lair:4   | Killed an eight-headed hydra
 18649 | Lair:4   | Found a gate leading to a gauntlet.
 18669 | Lair:4   | Got a crystal trident
 18681 | Lair:4   | Identified the +8 trident "Entammea" {pierce, Int+6} (You
                  | found it on level 4 of the Lair of Beasts)
 18818 | Gauntlet | Entered a Gauntlet
 18818 | Gauntlet | Found a transporter.
 18818 | Gauntlet | Found a transporter.
 18836 | Gauntlet | Found a transporter.
 18840 | Gauntlet | Found a transporter.
 18848 | Gauntlet | Found a transporter.
 18852 | Gauntlet | Found a transporter.
 18858 | Gauntlet | Found a runed translucent gate.
 18858 | Gauntlet | Found a runed translucent gate.
 18858 | Gauntlet | Found a runed translucent gate.
 18860 | Gauntlet | Found a transporter.
 18876 | Gauntlet | Found a transporter.
 18890 | Gauntlet | Found a transporter.
 18894 | Gauntlet | Found a transporter.
 18902 | Gauntlet | Found a transporter.
 18906 | Gauntlet | Found a transporter.
 19343 | Gauntlet | Got a fine trident
 19354 | Gauntlet | Identified the +2 trident of Tyot {holy, Str+5} (You found
                  | it in a Gauntlet)
 19370 | Gauntlet | Learned a level 1 spell: Apportation
 19453 | Gauntlet | Got a coiled brass amulet
 19459 | Gauntlet | Got a brightly glowing robe
 19470 | Gauntlet | Identified the cursed +1 robe of Focus {Regen+} (You found
                  | it in a Gauntlet)
 19482 | Gauntlet | Identified the amulet "Wianup" {RegenMP +Fly rN+} (You
                  | found it in a Gauntlet)
 19488 | Gauntlet | Noticed a minotaur
 19652 | Gauntlet | Killed a minotaur
 19688 | Gauntlet | Identified the Almanac of Transformation and Flames
 19774 | Lair:4   | Found a hole to the Spider Nest.
 19879 | Lair:4   | Found a burning altar of Makhleb.
 20131 | Lair:4   | Found a staircase to the Swamp.
 20612 | Lair:5   | Noticed a four-headed hydra
 20622 | Lair:5   | Killed a four-headed hydra
 20718 | Lair:5   | Found a staircase to the Slime Pits.
 20877 | Lair:5   | Noticed a six-headed hydra
 20883 | Lair:5   | Killed a six-headed hydra
 21033 | Lair:5   | Reached skill level 11 in Shields
 21037 | Lair:5   | Reached XP level 13. HP: 94/107 MP: 1/28
 21402 | Lair:6   | Entered Level 6 of the Lair of Beasts
 21912 | Lair:6   | Noticed a dire elephant
 21972 | Lair:6   | Identified the +11 scimitar "Wennidei" {protect, *Noise rN+
                  | Dex+6} (You found it on level 6 of the Lair of Beasts)
 23183 | Lair:6   | Reached skill level 12 in Shields
 23814 | Lair:6   | Reached XP level 14. HP: 51/118 MP: 12/31
 24606 | D:12     | You fall into a shaft and drop 3 floors!
 24606 | D:15     | Entered Level 15 of the Dungeon
 24677 | D:14     | Noticed Nessos
 24688 | D:14     | Killed Nessos
 24718 | D:14     | Found a frozen archway.
 24767 | D:14     | Noticed Jorgrun
 24807 | IceCv    | Entered an ice cave
 25217 | IceCv    | Identified the +1 robe "Dehuis" {rElec MR+ Stlth+}
 25233 | IceCv    | Got an encrusted dagger
 25637 | D:13     | Noticed Rupert
 25648 | D:13     | Paralysed by Rupert for 5 turns
 25695 | D:12     | Identified the +2 dagger "Quif Cou" {flame, *Slow rN+
                  | Int+6} (You found it in an ice cave)
 26242 | D:12     | Reached skill level 10 in Earth Magic
 26473 | Orc:1    | Entered Level 1 of the Orcish Mines
 26721 | Orc:1    | Found a roughly hewn altar of Beogh.
 26943 | Orc:2    | Entered Level 2 of the Orcish Mines
 27384 | Orc:2    | Noticed Azrael
 27636 | Orc:1    | Learned a level 5 spell: Metabolic Englaciation
 27646 | Orc:2    | Killed Azrael
 27725 | Orc:2    | Found a runed translucent gate.
 27725 | Orc:2    | Found a runed translucent gate.
 27725 | Orc:2    | Found a runed translucent gate.
 27729 | Orc:2    | Noticed vasus's ghost (journeyman GrFi)
 27765 | Orc:2    | Reached skill level 13 in Shields
 27899 | Orc:2    | Found a staircase to the Elven Halls.
 28449 | Orc:2    | Found Toari's Gadget Emporium.
 28449 | Orc:2    | Found Juvok's Gadget Boutique.
 28451 | Orc:2    | Found Tismane's Food Emporium.
 28451 | Orc:2    | Found Vuwe Uney's Gadget Boutique.
 28466 | Orc:2    | Bought a ration for 55 gold pieces
 28466 | Orc:2    | Bought a ration for 55 gold pieces
 28466 | Orc:2    | Bought a ration for 55 gold pieces
 28466 | Orc:2    | Bought a ration for 55 gold pieces
 28466 | Orc:2    | Bought a ration for 55 gold pieces
 28466 | Orc:2    | Bought a ration for 55 gold pieces
 28466 | Orc:2    | Bought a ration for 55 gold pieces
 28466 | Orc:2    | Bought a ration for 55 gold pieces
 28466 | Orc:2    | Bought a ration for 55 gold pieces
 28466 | Orc:2    | Bought a ration for 55 gold pieces
 28466 | Orc:2    | Bought a ration for 55 gold pieces
 28466 | Orc:2    | Bought a ration for 55 gold pieces
 28466 | Orc:2    | Bought a ration for 55 gold pieces
 28466 | Orc:2    | Bought a ration for 55 gold pieces
 28467 | Orc:2    | Bought a wand of acid (5) for 270 gold pieces
 28467 | Orc:2    | Bought a wand of digging (5) for 270 gold pieces
 28470 | Orc:2    | Bought a wand of acid (7) for 308 gold pieces
 28470 | Orc:2    | Bought a wand of acid (5) for 252 gold pieces
 28475 | Orc:2    | Bought a wand of acid (4) for 208 gold pieces
 28680 | D:13     | Found a runed translucent gate.
 28680 | D:13     | Found a runed translucent gate.
 28680 | D:13     | Found a runed translucent gate.
 28680 | D:13     | Noticed Detados's ghost (journeyman MfBe)
 28807 | D:13     | Killed Rupert
 28855 | D:13     | Found a sacrificial altar of Ru.
 29032 | D:13     | Noticed Hollixir's ghost (journeyman CeFi)
 29033 | D:13     | Noticed Bith's ghost (journeyman GnWr)
 29064 | D:13     | Killed Hollixir's ghost
 29064 | D:13     | Reached XP level 15. HP: 119/126 MP: 5/33
 29075 | D:13     | Killed Bith's ghost
 29075 | D:13     | Reached skill level 10 in Fighting
 29085 | D:13     | Killed Detados's ghost
 29329 | D:14     | Killed Jorgrun
 29657 | D:14     | Found a gate to the Vaults.
 29687 | D:14     | Identified a +2 pair of boots of running (You found it on
                  | level 14 of the Dungeon)
 29759 | D:14     | Noticed Josephine
 29772 | D:14     | Killed Josephine
 29823 | D:14     | Found a white marble altar of Elyvilon.
 29991 | D:15     | Found a staircase to the Depths.
 29991 | D:15     | Noticed a fire giant
 30007 | D:15     | Killed a fire giant
 30194 | D:15     | Reached skill level 5 in Armour
 31593 | D:8      | Killed TreeFish's ghost
 31758 | D:10     | Killed Fannar
 31908 | Orc:2    | Killed vasus's ghost
 32280 | Swamp:1  | Entered Level 1 of the Swamp
 32300 | Swamp:1  | Noticed Kirke
 32336 | Spider:1 | Entered Level 1 of the Spider Nest
 32385 | Spider:1 | Found a runed translucent door.
 32542 | Spider:2 | Noticed Arachne
 32847 | Swamp:1  | Reached skill level 14 in Shields
 33122 | Swamp:1  | Learned a level 5 spell: Bolt of Magma
 33265 | Swamp:1  | Noticed a thorn hunter
 33299 | Swamp:1  | Killed a thorn hunter
 33636 | Swamp:1  | Reached skill level 1 in Fire Magic
 33650 | Swamp:1  | Reached skill level 10 in Spellcasting
 33755 | Swamp:1  | Reached XP level 16. HP: 123/135 MP: 31/35
 34066 | Swamp:2  | Got a bloodstained leather armour
 34067 | Swamp:2  | Identified the +2 leather armour of Gluttony {rF++ MR+
                  | Dex+4} (You found it on level 2 of the Swamp)
 35677 | Swamp:2  | Found a radiant altar of Vehumet.
 36838 | Swamp:4  | Entered Level 4 of the Swamp
 37415 | Swamp:4  | Noticed Bai Suzhen
 37645 | Swamp:4  | Killed Bai Suzhen
 39691 | Swamp:4  | Got a decaying rune of Zot
 39981 | Spider:1 | Learned a level 4 spell: Force Lance
 40095 | Spider:1 | Reached skill level 10 in Armour
 40096 | Spider:1 | Reached skill level 5 in Fire Magic
 40600 | Spider:1 | Found a runed translucent gate.
 40600 | Spider:1 | Found a runed translucent gate.
 40601 | Spider:1 | Found a runed translucent gate.
 40604 | Spider:1 | Noticed mandor's ghost (adept GnWn)
 40978 | Spider:1 | Reached XP level 17. HP: 116/144 MP: 37/37
 41068 | Spider:1 | Killed mandor's ghost
 41068 | Spider:1 | Reached skill level 1 in Conjurations
 41088 | Spider:1 | Got a scorched cloak
 41100 | Spider:1 | Identified the cursed +0 cloak "Loxubbut" {*Slow +Inv Dex+4
                  | Slay+5} (You found it on level 1 of the Spider Nest)
 42379 | Spider:2 | Killed Arachne
 42572 | Spider:2 | Noticed Roxanne
 42574 | Spider:2 | Identified the +8 shield "Izxid" {*Contam *Drain MR+
                  | Str+10}
 42574 | Spider:2 | Noticed Asterion
 42586 | Spider:2 | Killed Asterion
 43276 | Spider:2 | Killed Roxanne
 43354 | Spider:2 | Reached skill level 15 in Shields
 44571 | Spider:4 | Entered Level 4 of the Spider Nest
 44975 | Spider:4 | HP: 7/216 [wolf spider (5)]
 44976 | Spider:4 | HP: 3/216 [jumping spider (5)]
 44976 | Spider:4 | Slain by a spectral redback

Levels and vault maps discovered:
D:1:      kilobyte_arrival_exit_the_forest, layout_loops_ring
D:2:      layout_basic, old_standard_altar, old_standard_altar, uniq_jessica
D:3:      layout_loops_cross, first_ration, uniq_ijyb, uniq_crazy_yiuf_cottage
D:4:      layout_cave_pods, minmay_temple_entry_poolview,
          minmay_manual_monstrance, uniq_eustachio, uniq_duvessa
D:5:      layout_loops_cross, kennysheep_mini, marbit_many_paths,
          old_standard_altar, lemuel_doored_altar, serial_shops, shop,
          st_stairs_14, minmay_joined_circles
D:6:      layout_basic, kennysheep_mini_moat, basic_altar,
          minmay_fractal_squares_gapless_5
D:7:      layout_rooms, tgw_fedhas, serial_shops, shop
D:8:      lemuel_ice_spiral_2, layout_rooms, gammafunk_temple_overflow_elements,
          ebering_ghost_rock_garden, serial_corexii_hall,
          corexii_hall_statues_i, chequers_hall_statues_wall_a, david_nohive_1
D:9:      minmay_recursive_quarters, layout_loops_ring
D:10:     layout_loops_ring, dpeg_lair_monsters, uniq_fannar, uniq_snorg
D:11:     layout_roguey, uniq_grum, uniq_erolcha, uniq_maurice, uniq_urug
D:12:     minmay_the_grid_four_pointed_star [minmay_the_grid_triangle_9x9_empty,
          minmay_the_grid_triangle_9x9_impossible_snake,
          minmay_the_grid_triangle_9x9_warning,
          minmay_the_grid_triangle_9x9_alien,
          minmay_the_grid_prize_inner_circle], layout_basic
D:13:     layout_rooms, basic_altar, gammafunk_ghost_cemetery,
          minmay_misc_feat_roman, uniq_rupert
D:14:     layout_roguey, grunt_vaults_entry_fortified,
          portal_ice_cave_entry_imps, elyvilon_altar_4,
          minmay_tree_intersection, uniq_josephine, uniq_nessos, uniq_jorgrun
D:15:     grunt_enter_depths_giant_problem, layout_cave_pods, hex_large
Lair:1:   layout_cave_pods
Lair:2:   layout_small_grid, lemuel_fruit_fields, uniq_harold
Lair:3:   layout_cave_shapes, infiniplex_staircase_pool
Lair:4:   layout_roguey, minmay_swamp_entry_worms, spider_nest_entry_funnel_web,
          basic_altar, gauntlet_entry_generic, st_stairs_12,
          nicolae_quartered_pool_super
Lair:5:   layout_hall_layers, slime_dummy, grunt_megastairs_2,
          lemuel_fruit_tree, serial_bayou_shore_b, serial_bayou_shore_b
Lair:6:   hangedman_lair_caniforms_friends, layout_regular_city,
          hangedman_lair_in_review
Swamp:1:  layout_basic_swamp, hangedman_swamp_ruin_wall, swamp_pool2, uniq_kirke
Swamp:2:  layout_basic_swamp, nicolae_swamp_godswood, swamp_pool3
Swamp:3:  layout_falls_marsh, nicolae_swamp_very_dense_foliage, swamp_pool5,
          ldierk_geyser
Swamp:4:  swamp_basic_johnstein, layout_basic_swamp,
          infiniplex_staircase_pool_2, uniq_bai_suzhen
Spider:1: cheibrodos_spider_deadly_dance, gammafunk_ghost_tricky_traps,
          drop_trap
Spider:2: layout_spider_delve, uniq_roxanne, uniq_arachne, uniq_asterion
Spider:3: layout_spider_delve
Spider:4: floodkiller_spider_rune_tomb, special_room [special_room_bee],
          drop_trap, worms_lemuel
Orc:1:    layout_caves, basic_altar, minmay_orc_keep
Orc:2:    grunt_orc_tribal_feast, layout_diamond_mine, gammafunk_ghost_split,
          uniq_azrael

Skill      XL: |  1  2  3  4  5  6  7  8  9 10 11 12 13 14 15 16 17 |
---------------+----------------------------------------------------+-----
Dodging        | 2 3 |  3.3
Spellcasting   | 2 3 4 5 6 7 8 9 10 11 | 11.3
Earth Magic    | 3 4 5 6 7 8 9 10 11 12 | 12.4
Fighting       | 1 2 3 4 5 6 7 8 9 10 11 | 11.3
Armour         | 1 7 10 11 | 11.5
Polearms       | 1 2 3 4 5 7 8 9 11 12 13 14 | 14.0
Shields        | 1 2 4 5 6 8 9 11 12 13 14 15 | 15.0
Fire Magic     | 1 5 6 |  6.2
Conjurations   | 3 |  3.5
Stealth        | |  1.7
Transmutations | |  0.8

Action                   |  1- 3 |  4- 6 |  7- 9 | 10-12 | 13-15 | 16-18 || total
-------------------------+-------+-------+-------+-------+-------+-------++-------
Melee: Spear             |   116 |   212 |   127 |       |       |       ||   455
       Kick              |    18 |    31 |       |       |       |       ||    49
       Halberd           |       |       |   357 |   600 |       |       ||   957
       Unarmed           |       |       |       |     3 |       |       ||     3
       Trident           |       |       |       |    93 |  1529 |  1196 ||  2818
Throw: Stone             |       |     1 |     1 |       |       |       ||     2
       Throwing net      |       |       |       |     1 |       |     7 ||     8
       Dart              |       |       |       |     1 |       |       ||     1
 Cast: Sandblast         |     9 |    46 |    53 |    11 |     3 |       ||   122
       Confusing Touch   |       |     1 |    21 |     1 |     6 |       ||    29
       Stone Arrow       |       |       |    56 |   129 |   152 |   135 ||   472
       Lee's Rapid Decon |       |       |    10 |    80 |   247 |    45 ||   382
       Regeneration      |       |       |     1 |       |     2 |       ||     3
       Passwall          |       |       |       |       |     9 |       ||     9
       Vampiric Draining |       |       |       |       |     1 |     3 ||     4
       Metabolic Englaci |       |       |       |       |     1 |     1 ||     2
       Bolt of Magma     |       |       |       |       |       |    28 ||    28
       Force Lance       |       |       |       |       |       |     4 ||     4
       Apportation       |       |       |       |       |       |     3 ||     3
Evoke: Wand              |       |     4 |    12 |    22 |    25 |    15 ||    78
       Fan of gales      |       |       |       |       |     2 |     2 ||     4
  Use: Scroll            |     3 |     6 |    11 |    25 |    32 |    11 ||    88
       Potion            |     1 |     2 |     4 |    11 |    22 |    11 ||    51
 Stab: Sleeping          |    11 |     5 |     3 |    13 |     9 |     5 ||    46
       Paralysed         |       |     5 |    11 |     1 |     6 |     7 ||    30
       Confused          |       |       |    15 |       |     2 |     1 ||    18
       Distracted        |       |       |     3 |     1 |     5 |     3 ||    12
       Held in net/web   |       |       |       |       |       |     6 ||     6
  Eat: Chunk             |     1 |     8 |    19 |    35 |    49 |    12 ||   124
       Ration            |       |       |     2 |    11 |     8 |     8 ||    29
Armor: Robe              |    28 |    71 |   161 |   312 |   313 |     8 ||   893
       Skin              |       |       |       |     1 |    24 |    36 ||    61
       Leather armour    |       |       |       |       |       |   334 ||   334
Dodge: Dodged            |    54 |   163 |   382 |   472 |   232 |   279 ||  1582
Block: Large shield      |       |       |       |    83 |  1199 |  1028 ||  2310
       Shield            |       |       |       |       |       |   244 ||   244
